 Dungeon Crawl Stone Soup version 0.20-a0-633-gff4aa5c (webtiles) character file.

10599 slumpy the Blocker (level 11, -2/83 HPs)
             Began as a Formicid Fighter on Feb 11, 2017.
             Was an Elder of Okawaru.
             Slain by an orc knight
             ... wielding a +0 halberd
              (14 damage)
             ... in a bailey.
             The game lasted 00:47:20 (12742 turns).

slumpy the Blocker (Formicid Fighter)              Turns: 12742, Time: 00:47:21

Health: -2/83      AC: 23    Str: 32    XL:     11   Next: 96%
Magic:  15/15      EV: 12    Int:  7    God:    Okawaru [****..]
Gold:   601        SH: 13    Dex: 13    Spells: 11/14 levels left

rFire    . . .     SeeInvis +   H - +1 spear (flame)
rCold    . . .     Gourm    +   B - +1 chain mail {rPois}
rNeg     . . .     Faith    .   c - +0 shield
rPois    +         Spirit   .   (helmet unavailable)
rElec    .         Reflect  .   Q - +1 cloak
rCorr    .         Harm     .   t - +0 pair of gloves
MR       +....                  (no boots)
Stlth    ..........             W - amulet of the gourmand
Regen    0.3/turn               U - +4 ring of protection
                                O - +5 ring of strength

@: mighty
A: permanent stasis, dig shafts and tunnels, four strong arms, antennae 3, claws
1, molten scales 1, slimy green scales 1
a: Dig, Shaft Self, Heroism, Renounce Religion


You were in a bailey.
You worshipped Okawaru.
Okawaru was greatly pleased with you.
You were not hungry.

You visited 2 branches of the dungeon, and saw 11 of its levels.
You also visited: Sewer and Bailey.

You collected 790 gold pieces.
You spent 189 gold pieces at shops.

Inventory:

Hand Weapons
 a - a +0 war axe
 b - a +2 flail of draining
 z - a +1 antimagic dagger
 C - a +1 flail of protection
 F - a +0 dagger of venom
 H - a +1 spear of flaming (weapon)
 I - a +2 whip of draining
 L - the +4 dagger of the Blessed Realm {pain, rN+}
   (You bought it in a shop on level 5 of the Dungeon)

   In the hands of one skilled in necromantic magic, it inflicts extra damage on
   living creatures.
   It protects you from negative energy.
 V - a +2 whip of flaming
Missiles
 u - 10 tomahawks (quivered)
 w - 3 silver tomahawks
Armour
 c - a +0 shield (worn)
 t - a +0 pair of gloves (worn)
 B - a +1 chain mail of poison resistance (worn)
 Q - a +1 cloak (worn)
Jewellery
 y - an uncursed ring of flight
 K - an uncursed ring of protection from cold
 N - an uncursed ring of resist corrosion
 O - a +5 ring of strength (left hand)
 U - a +4 ring of protection (right hand)
 W - an amulet of the gourmand (around neck)
Wands
 l - a wand of confusion (25/48)
 s - a wand of flame (22/48)
 M - a wand of lightning (11/15)
Scrolls
 g - 6 scrolls of teleportation {unknown}
 h - 4 scrolls of remove curse
 j - 4 scrolls of fear {unknown}
 m - 2 scrolls of enchant armour {unknown}
 p - 2 scrolls of immolation
 v - a scroll of acquirement {unknown}
 x - 2 scrolls of recharging {unknown}
 D - a scroll of magic mapping
Potions
 d - 3 potions of brilliance
 e - 5 potions of heal wounds
 n - 2 potions of lignification
 q - 2 potions of invisibility {unknown}
 A - 4 potions of curing
 E - a potion of resistance
 G - a potion of cancellation {unknown}
 J - 2 potions of flight
 P - a potion of magic {unknown}
Books
 S - a book of Flames

   Spells                             Type                      Level
   a - Flame Tongue                   Conjuration/Fire             1
   b - Throw Flame                    Conjuration/Fire             2
   c - Conjure Flame                  Conjuration/Fire             3
   d - Inner Flame                    Hexes/Fire                   3
   e - Sticky Flame                   Conjuration/Fire             4
   f - Fireball                       Conjuration/Fire             5
Comestibles
 f - 3 bread rations
 i - 5 meat rations
 o - 2 royal jellies


   Skills:
 + Level 6.7 Fighting
 * Level 8.1(8.3) Axes
 - Level 2.2(5.6) Maces & Flails
 + Level 1.5 Throwing
 + Level 8.3 Armour
 * Level 6.2 Dodging
 + Level 5.7 Stealth
 + Level 11.0 Shields
 * Level 2.1 Spellcasting
 * Level 6.3 Invocations


You had 11 spell levels left.
You knew the following spells:

 Your Spells              Type           Power        Failure   Level  Hunger
a - Conjure Flame         Conj/Fire      #.......     100%        3    ####...


Dungeon Overview and Level Annotations

Branches:
Dungeon (10/15)            Temple (1/1) D:4            Lair (0/6) D:9
    Orc (0/2) D:10

Altars:
Ashenzari
Dithmenos
Elyvilon
Hepliaklqana
Kikubaaqudgha
Makhleb
Okawaru
Ru
Trog
Uskayaw
Vehumet
Xom
Yredelemnul
Zin

Shops:
D:5 (

Annotations:
D:5 2 runed doors


Innate Abilities, Weirdness & Mutations

You cannot be hasted, slowed, berserked, paralysed or teleported.
You can dig through walls and to a lower floor.
Your four strong arms can wield two-handed weapons with a shield.
You have a pair of large antennae on your head. (SInv)
You have sharp fingernails.
You are partially covered in molten scales. (AC +2)
You are partially covered in slimy green scales. (AC +2)


Message History

Press: ? - help, Dir - move target cursor, f/p - orc knight
Aim: an orc knight, wielding a halberd and wearing a chain mail (almost dead)
You reach to attack!
You closely miss the orc knight.
The orc knight is almost dead.
Your hearing returns.
You block the orc knight's attack.
Attack whom?
Press: ? - help, Dir - move target cursor, f/p - orc knight
Aim: an orc knight, wielding a halberd and wearing a chain mail (almost dead)
You reach to attack!
You barely miss the orc knight.
The orc knight is almost dead.
You feel less wooden.
Your +1 cloak unmelds from your body.
Your +0 pair of gloves unmelds from your body.
Your +1 chain mail of poison resistance unmelds from your body.
You feel resistant to poison.
The orc knight hits you from afar with a halberd!
* * * LOW HITPOINT WARNING * * *
The orc knight hits you with a halberd!
You die...

####### #######
#.....#########.....###.
.......#.....#.......'..
.)...).'..!..'.......'..
))))...'.....'.))....'..
)))....'.....'))))...'..
.).....#.....#))@o...'..
#.....#########)....###.
####### #######


You could see an orc knight.

Vanquished Creatures
  4 two-headed ogres
  An unseen horror (D:8)
  3 orc knights (Bailey)
  Joseph (D:9)
  Grinder (D:2)
  Prince Ribbit (D:9)
  2 hippogriffs
  A wyvern (D:7)
  Menkaure (D:6)
  4 orc warriors (Bailey)
  2 black bears
  An ice beast (D:7)
  2 sky beasts
  A necrophage (D:4)
  13 ogres
  A big kobold (D:9)
  2 bullfrogs
  A scorpion (D:4)
  7 killer bees
  4 wights (D:6)
  A howler monkey (D:6)
  The ghost of junkhipster the Covered, a weakling GrFi (D:3)
  A bullfrog zombie (D:8)
  3 crimson imps
  A quasit (D:9)
  4 hounds
  7 orc priests
  A bullfrog skeleton (D:5)
  5 gnoll shamans
  13 orc wizards
  Terence (D:3)
  A centaur skeleton (D:5)
  3 worker ants
  4 iguanas
  The ghost of Apogee the Shield-Bearer, a weakling DDFi (D:4)
  A hound skeleton (D:7)
  A worker ant zombie (D:9)
  Robin (D:3)
  35 gnolls
  11 river rats (Sewer)
  10 adders
  2 shadow imps
  An adder zombie (D:6)
  6 worms
  4 dart slugs
  6 leopard geckos
  70 orcs
  11 bats
  6 giant cockroaches
  2 gnoll zombies (D:6)
  13 goblins
  14 hobgoblins
  18 jackals
  12 kobolds
  6 quokkas
  5 ball pythons
  14 frilled lizards
  A jackal zombie (D:7)
  2 leopard gecko skeletons (D:4)
  2 quokka skeletons
  22 rats
376 creatures vanquished.

Vanquished Creatures (others)
  A plant (D:3)
1 creature vanquished.

Grand Total: 377 creatures vanquished

Notes
Turn   | Place    | Note
-------+----------+-------------------------------------------
     0 | D:1      | slumpy the Formicid Fighter began the quest for the Orb.
     0 | D:1      | Reached XP level 1. HP: 18/18 MP: 1/1
    98 | D:1      | Reached XP level 2. HP: 24/24 MP: 2/2
   493 | D:1      | Reached skill level 4 in Shields
   493 | D:1      | Reached XP level 3. HP: 27/29 MP: 3/3
  1054 | D:2      | Reached XP level 4. HP: 29/35 MP: 4/4
  1309 | D:2      | Reached skill level 1 in Dodging
  1759 | D:3      | Reached XP level 5. HP: 37/41 MP: 5/5
  2092 | D:3      | Reached XP level 6. HP: 47/48 MP: 6/6
  2138 | D:3      | Noticed an ogre
  2185 | D:3      | Noticed junkhipster's ghost (weakling GrFi)
  2449 | D:3      | Noticed Robin
  2499 | D:3      | Killed Robin
  2515 | D:3      | Noticed Grinder
  2822 | D:3      | Reached XP level 7. HP: 43/53 MP: 7/7
  3125 | D:3      | Noticed Terence
  3131 | D:3      | Killed Terence
  3297 | D:3      | Reached skill level 5 in Shields
  3333 | D:2      | Reached skill level 5 in Axes
  3491 | D:3      | Reached skill level 1 in Maces & Flails
  3519 | D:3      | Reached XP level 8. HP: 48/60 MP: 8/8
  3533 | D:3      | Reached skill level 5 in Armour
  3759 | D:2      | Killed Grinder
  3980 | D:3      | Gained mutation: Scrolls take you a little longer to read. [potion of mutation]
  3980 | D:3      | Gained mutation: You have sharp fingernails. [potion of mutation]
  3980 | D:3      | Gained mutation: You are partially covered in icy blue scales. (AC +2) [potion of mutation]
  3980 | D:3      | Gained mutation: You have sharp toenails. [potion of mutation]
  4309 | D:3      | Killed junkhipster's ghost
  4739 | D:4      | Reached skill level 6 in Shields
  5135 | D:4      | Noticed Apogee's ghost (weakling DDFi)
  5144 | D:4      | Killed Apogee's ghost
  5240 | D:4      | Reached skill level 1 in Throwing
  5240 | D:4      | Reached XP level 9. HP: 62/65 MP: 9/9
  5322 | D:4      | Found a staircase to the Ecumenical Temple.
  5331 | Temple   | Entered the Ecumenical Temple
  5381 | Temple   | Became a worshipper of Warmaster Okawaru
  5725 | D:5      | Entered Level 5 of the Dungeon
  5747 | D:5      | Found Yguihes's Antique Weapon Boutique.
  5751 | D:5      | Bought a jewelled dagger for 189 gold pieces
  5751 | D:5      | Identified the +4 dagger of the Blessed Realm {pain, rN+} (You bought it in a shop on level 5 of the Dungeon)
  5877 | D:5      | Lost mutation: You are partially covered in icy blue scales. (AC +2) [potion of mutation]
  5877 | D:5      | Lost mutation: Scrolls take you a little longer to read. [potion of mutation]
  5877 | D:5      | Lost mutation: You have sharp toenails. [potion of mutation]
  5877 | D:5      | Gained mutation: You are partially covered in slimy green scales. (AC +2) [potion of mutation]
  5877 | D:5      | Gained mutation: You are partially covered in molten scales. (AC +2) [potion of mutation]
  6236 | D:5      | Reached skill level 1 in Stealth
  6236 | D:5      | Reached skill level 1 in Invocations
  6358 | D:5      | Found a sacrificial altar of Ru.
  6473 | D:5      | Found a runed door.
  6747 | D:5      | Found a runed door.
  6948 | D:6      | Found a glowing drain.
  6953 | Sewer    | Entered a sewer
  7422 | Sewer    | Reached skill level 7 in Shields
  7532 | Sewer    | Reached skill level 5 in Fighting
  7882 | D:6      | Noticed Menkaure
  7902 | D:6      | Killed Menkaure
  7997 | D:6      | Reached * piety under Okawaru
  8050 | D:6      | Found an ancient bone altar of Kikubaaqudgha.
  8344 | D:6      | Found a basalt altar of Yredelemnul.
  8906 | D:6      | Reached XP level 10. HP: 71/73 MP: 12/12
  9290 | D:7      | Reached skill level 8 in Shields
  9330 | D:7      | Found a hazy altar of Hepliaklqana.
  9790 | D:8      | Noticed a two-headed ogre
  9799 | D:8      | Noticed a two-headed ogre
  9936 | D:7      | Killed a two-headed ogre
  9936 | D:7      | Reached ** piety under Okawaru
  9936 | D:7      | Reached skill level 5 in Dodging
 10071 | D:8      | Killed a two-headed ogre
 10071 | D:8      | Reached skill level 9 in Shields
 10075 | D:8      | Reached *** piety under Okawaru
 10092 | D:8      | Noticed a two-headed ogre
 10221 | D:8      | Killed a two-headed ogre
 10221 | D:8      | Reached skill level 5 in Stealth
 10221 | D:8      | Reached XP level 11. HP: 60/80 MP: 14/14
 10568 | D:8      | Noticed an unseen horror
 10581 | D:7      | Reached skill level 5 in Invocations
 10710 | D:8      | Killed an unseen horror
 11107 | D:8      | Found a shimmering altar of Xom.
 11110 | D:8      | Found a shattered altar of Ashenzari.
 11113 | D:8      | Found a hide-covered altar of Uskayaw.
 11178 | D:9      | Reached **** piety under Okawaru
 11178 | D:9      | Reached skill level 10 in Shields
 11244 | D:9      | Learned a level 3 spell: Conjure Flame
 11315 | D:9      | Found a staircase to the Lair.
 11418 | D:9      | Noticed Joseph
 11459 | D:9      | Killed Joseph
 11892 | D:9      | Reached skill level 1 in Spellcasting
 12009 | D:9      | Noticed Prince Ribbit
 12077 | D:9      | Killed Prince Ribbit
 12110 | D:10     | Entered Level 10 of the Dungeon
 12130 | D:10     | Noticed a two-headed ogre
 12148 | D:10     | Killed a two-headed ogre
 12221 | D:10     | Found a flagged portal.
 12323 | Bailey   | Entered a bailey
 12668 | Bailey   | Noticed an orc knight
 12668 | Bailey   | Noticed an orc knight
 12668 | Bailey   | Noticed an orc knight
 12681 | Bailey   | Killed an orc knight
 12687 | Bailey   | Killed an orc knight
 12695 | Bailey   | Killed an orc knight
 12695 | Bailey   | Reached skill level 11 in Shields
 12699 | Bailey   | Noticed an orc knight
 12700 | Bailey   | HP: 4/83 [orc/hand axe (6)]
 12742 | Bailey   | Slain by an orc knight

Vault maps used:
D:1:      eino_arrival_cavern_a, st_stairs_3, minmay_misc_feat_rows,
          hangedman_abyss_or_decor_stabs, grunt_decor_fettered
D:3:      lemuel_castle_with_subvaults, uniq_terence, uniq_grinder, uniq_robin
D:4:      minmay_temple_entry_nine_rooms
D:5:      lemuel_insect_pit, serial_shops, nicolae_shop_crystal, first_bread,
          nicolae_ru_path_of_blood
D:6:      lemuel_zombie_altar_yredelemnul, gup_sewer_entry_bowl, basic_altar,
          uniq_menkaure
D:7:      overflow_temple_1_default
D:8:      grunt_temple_overflow_diamond, st_stairs_5
D:9:      dpeg_oklobed_lair, hangedman_decor_peaks_small, uniq_prince_ribbit1,
          uniq_joseph
D:10:     zombieorc1_lemuel, enter_bailey_8, serial_shops, shop, minivault_16
Temple:   regret_index_temple_sphere_string
Sewer:    sewer_co_cracked_pipes
Bailey:   bailey_polearm_5, bailey

Skill      XL: |  1  2  3  4  5  6  7  8  9 10 11 |
---------------+----------------------------------+-----
Shields        | 4 5 6 7 9 11 | 11.0
Dodging        | 1 2 3 4 5 6 |  6.2
Axes           | 3 4 5 6 7 8 |  8.1
Armour         | 4 5 6 7 8 |  8.3
Fighting       | 4 5 6 |  6.7
Maces & Flails | 1 2 |  2.2
Throwing       | 1 |  1.5
Stealth        | 3 5 |  5.7
Invocations    | 3 4 6 |  6.3
Spellcasting   | 2 |  2.1

Action                   |  1- 3 |  4- 6 |  7- 9 | 10-12 || total
-------------------------+-------+-------+-------+-------++-------
Melee: War axe           |    97 |   207 |    84 |    22 ||   410
       Whip              |       |       |   517 |   177 ||   694
       Kick              |       |       |    45 |       ||    45
       Flail             |       |       |    21 |   337 ||   358
       Dagger            |       |       |    21 |       ||    21
       Spear             |       |       |    52 |    28 ||    80
Throw: Tomahawk          |       |    19 |     7 |     6 ||    32
Invok: Heroism           |       |       |       |    10 ||    10
 Abil: Dig               |       |       |    12 |       ||    12
  Use: Scroll            |       |       |    15 |     4 ||    19
       Potion            |       |       |     5 |     8 ||    13
  Eat: Chunk             |     1 |     6 |    24 |    19 ||    50
       Bread ration      |       |       |     1 |       ||     1
       Royal jelly       |       |       |     1 |       ||     1
Armor: Scale mail        |    37 |    29 |       |       ||    66
       Chain mail        |       |   112 |   204 |   240 ||   556
       Skin              |       |       |    19 |    35 ||    54
Dodge: Dodged            |    30 |    93 |   147 |   361 ||   631
Block: Shield            |    69 |   153 |   317 |   577 ||  1116
